 Dungeon Crawl Stone Soup version 0.31-a0-217-g58bb5d79cf (webtiles) character file.

Game seed: 9891259954252989384

116 qw the Shooter (level 5, 0/30 HPs)
             Began as a Gargoyle Hexslinger on July 2, 2023.
             Slain by a cerulean imp
             ... wielding a +2 spear
             ... summoned by Natasha
              (3 damage)
             ... on level 2 of the Dungeon.
             The game lasted 00:00:37 (1438 turns).

qw the Shooter (Gargoyle Hexslinger)                Turns: 1438, Time: 00:00:37

Health: 0/30       AC:  9    Str: 11    XL:     5   Next: 1%
Magic:  6/6        EV: 10    Int: 14    God:
Gold:   43         SH:  0    Dex: 14    Spells: 5/6 levels left

rFire   . . .        h - +1 sling (heavy)
rCold   . . .        (no shield)
rNeg    + . .        f - +0 ring mail
rPois   inf          (no helmet)
rElec   +            (no cloak)
rCorr   .            (no gloves)
SInv    .            (no boots)
Will    .....        (no amulet)
Stlth   +            (no ring)
HPRegen 0.25/turn    (no ring)
MPRegen 0.10/turn

%: no passive effects
@: no status effects
A: sickness immunity, AC +4, negative energy resistance 1, electricity
resistance, torment resistance 1, petrification resistance
a: no special abilities


You were on level 2 of the Dungeon.
You visited 1 branch of the dungeon, and saw 2 of its levels.

You collected 43 gold pieces.


Innate Abilities, Weirdness & Mutations

You are immune to sickness and miasma.
Your stone body is resilient. (AC +4)
You are immune to poison.
You resist negative energy. (rN+)
You are resistant to electric shocks. (rElec)
You are resistant to unholy torment.
You are immune to petrification.


   Skills:
 - Level 2.0 Fighting
 + Level 4.5 Ranged Weapons
 - Level 1.0 Armour
 - Level 1.5 Dodging
 - Level 1.0 Spellcasting
 - Level 2.6 Hexes


You had 5 spell levels left.
You knew the following spells:

 Your Spells              Type           Power      Damage    Failure   Level
a - Slow                  Hex            32%        N/A       21%         1

Your spell library contained the following spells:

 Spells                   Type           Power      Damage    Failure   Level
 Inner Flame              Hex/Fire       4%         N/A       71%         3
 Portal Projectile        Hex/Tloc       8%         N/A       71%         3
 Cause Fear               Hex            4%         N/A       90%         4

Inventory:

Hand Weapons
 h - a +1 heavy sling (weapon)
Armour
 f - a +0 ring mail (worn)
Scrolls
 b - a scroll of identify
Potions
 a - a potion of curing {unknown}
 c - a potion of brilliance {unknown}
 d - 2 potions of degeneration {unknown}
 i - a potion of magic {unknown}

Dungeon Overview and Level Annotations

Branches:
Dungeon (2/15)

Altars:

Annotations:
D:2 Natasha


Message History

The cerulean imp misses you.
The cerulean imp hits you from afar with a +0 spear.
The quokka misses you. The cerulean imp closely misses you.
The cerulean imp hits you from afar with a +1 spear.
The cerulean imp closely misses you. The quokka closely misses you.
The cerulean imp hits you from afar with a +1 spear.
You have reached level 5!
You shoot a sling bullet. The sling bullet hits the quokka!
You kill the quokka!
The cerulean imp hits you but does no damage. x2
The cerulean imp barely misses you.
The cerulean imp hits you but does no damage. x2
The cerulean imp barely misses you.
You shoot a sling bullet.
The sling bullet misses the cerulean imp.
The cerulean imp disappears in a puff of smoke!
Natasha howls an incantation.
You feel disoriented. The cerulean imp misses you.
The cerulean imp hits you but does no damage.
The cerulean imp barely misses you. The cerulean imp closely misses you.
You shoot a sling bullet.
The sling bullet hits Natasha but does no damage.
The cerulean imp disappears in a puff of smoke!
Natasha claws you.
The cerulean imp hits you but does no damage.
Natasha claws you but does no damage.
The cerulean imp hits you but does no damage.
You shoot a sling bullet.
The sling bullet closely misses Natasha.
The cerulean imp disappears in a puff of smoke!
Natasha claws you but does no damage. Natasha barely misses you.
You shoot a sling bullet. The sling bullet barely misses Natasha.
Natasha casts a spell.
Natasha claws you.
You shoot a sling bullet.
The sling bullet closely misses the cerulean imp.
Natasha claws you but does no damage.
The cerulean imp hits you with a +2 spear.
You die...

#....?...#
..........
#........
#......#
###.....#
....#.#
###)h%.#####
#...@5(.....
#.#.#.######
#.#.#.#
#.#.#.#
#.....#### #
###......#
##.
##...###.#
#...
#..#.......
.....
#....###.#.


You could see Natasha and a cerulean imp (summoned).

Vanquished Creatures
  Terence (D:2)
  4 adders (D:2)
  2 worms (D:2)
  3 bats
  8 endoplasms
  A giant cockroach (D:2)
  5 hobgoblins
  3 kobolds
  4 quokkas
  7 ball pythons
  3 frilled lizards
  2 goblins (D:1)
  5 rats
48 creatures vanquished.

Notes
Turn   | Place    | Note
-------+----------+-------------------------------------------
     0 | D:1      | qw the Gargoyle Hexslinger began the quest for the Orb.
     0 | D:1      | Reached XP level 1. HP: 12/12 MP: 2/2
     0 | D:1      | 0 ||| qw: Version: 0.3-a-40-ge99b1a8
     0 | D:1      | 0 ||| qw: Game counter: 8037
     0 | D:1      | 0 ||| qw: Melee chars always use a shield: true
     0 | D:1      | 0 ||| qw: God list: Okawaru
     0 | D:1      | 0 ||| qw: Allow faded altars: false
     0 | D:1      | 0 ||| qw: Do Orc after clearing Dungeon:15 true
     0 | D:1      | 0 ||| qw: Do second Lair branch before Depths: true
     0 | D:1      | 0 ||| qw: Lair rune preference: random
     0 | D:1      | 0 ||| qw: Goals: Normal
     0 | D:1      | 0 ||| PLANNING D:1-11
    95 | D:1      | Reached XP level 2. HP: 16/16 MP: 3/3
   183 | D:1      | Reached skill level 3 in Ranged Weapons
   473 | D:1      | Reached XP level 3. HP: 21/21 MP: 4/4
   829 | D:1      | 829 ||| UPGRADING to +0 ring mail.
   839 | D:1      | 839 ||| DROPPING +0 robe.
   840 | D:1      | 840 ||| READING scroll labelled CAOCSA BUAKA.
   841 | D:1      | 841 ||| READING scroll labelled GOIFEL DURRISH.
   842 | D:1      | 842 ||| READING scroll labelled ONLUET EZ KUNK.
   843 | D:1      | 843 ||| READING scroll labelled CUYQ YRGHAT.
   848 | D:1      | 848 ||| DROPPING scroll of poison.
   954 | D:2      | HP: 4/21 [worm (8)]
   963 | D:2      | 963 ||| FLEEEEING.
   969 | D:2      | 969 ||| FLEEEEING.
   970 | D:2      | 970 ||| STAIRDANCE
  1041 | D:2      | Noticed Terence
  1048 | D:2      | HP: 1/21 [Terence/+0 trident (6)]
  1050 | D:2      | Killed Terence
  1051 | D:2      | Reached skill level 4 in Ranged Weapons
  1051 | D:2      | Reached XP level 4. HP: 3/26 MP: 5/5
  1055 | D:2      | HP: 2/26 [adder (2)]
  1224 | D:2      | Reached skill level 1 in Armour
  1415 | D:2      | Noticed Natasha
  1431 | D:2      | HP: 5/26 [cerulean imp/+1 spear[Natasha] (4)]
  1433 | D:2      | Reached XP level 5. HP: 3/30 MP: 6/6
  1437 | D:2      | HP: 3/30 [Natasha (1)]
  1438 | D:2      | Slain by a cerulean imp

Levels and vault maps discovered:
D:1:      sevenhm_arrival_forest_fort_small_3, layout_basic
D:2:      layout_loops_ring, uniq_natasha, uniq_terence

Skill      XL: |  1  2  3  4 |
---------------+-------------+-----
Ranged Weapons | 3 4 |  4.5
Fighting       | 2 |  2.0
Armour         | 1 |  1.0
Dodging        | |  1.5
Spellcasting   | |  1.0
Hexes          | |  2.6

Action                     |  1- 3 |  4- 6 || total
---------------------------+-------+-------++-------
   Fire: Sling             |    91 |    58 ||   149
    Use: Scroll            |     4 |       ||     4
 Armour: Robe              |     2 |       ||     2
         Ring mail         |    16 |    55 ||    71
  Dodge: Dodged            |    25 |    48 ||    73

Table legend:
 A = Non-vault XP
 B = Vault XP
 C = Vault XP percentage of total XP
 D = Non-vault monster count
 E = Vault monster count
 F = Vault count percentage of total count
                 A         B        C        D         E       F
            +---------+---------+-------+---------+---------+-------
      Total |     131 |      36 |  21.6 |      47 |       1 |   2.1
            +---------+---------+-------+---------+---------+-------
        D:1 |      40 |       0 |   0.0 |      24 |       0 |   0.0
        D:2 |      91 |      36 |  28.3 |      23 |       1 |   4.2
            +---------+---------+-------+---------+---------+-------
